 Dungeon Crawl Stone Soup version 0.23.2-1-ga50397a6bc (webtiles) character file.

Game seed: 2904674147882341207

22 Acheron the Charmwright (level 3, -1/24 HPs)
             Began as a Halfling Skald on Apr 16, 2019.
             Slain by a worm (3 damage)
             ... on level 2 of the Dungeon.
             The game lasted 00:05:50 (976 turns).

Acheron the Charmwright (Halfling Skald)             Turns: 976, Time: 00:05:50

Health: -1/24      AC:  3    Str: 12    XL:     3   Next: 7%
Magic:  3/5        EV: 14    Int: 11    God:
Gold:   57         SH:  4    Dex: 14    Spells: 4/5 levels left

rFire    . . .     SeeInvis .   a - +0 falchion
rCold    . . .     Gourm    .   q - +0 buckler
rNeg     . . .     Faith    .   b - +0 leather armour
rPois    .         Spirit   .   (no helmet)
rElec    .         Reflect  .   (no cloak)
rCorr    .         Harm     .   (no gloves)
MR       .....                  (no boots)
Stlth    +.........             (no amulet)
HPRegen  0.08/turn              (no ring)
MPRegen  0.09/turn              (no ring)

@: infused
A: small, mutation resistance 1
a: no special abilities


You were on level 2 of the Dungeon.
You were not hungry.

You visited 1 branch of the dungeon, and saw 4 of its levels.

You collected 57 gold pieces.

Inventory:

Hand Weapons
 a - a +0 falchion (weapon)
 j - a +0 dagger
Missiles
 e - 182 stones (quivered)
Armour
 b - a +0 leather armour (worn)
 p - a +0 scale mail
 q - a +0 buckler (worn)
Scrolls
 k - a scroll of blinking {unknown}
 l - a scroll of fog {unknown}
 m - a scroll of identify
Potions
 c - 2 potions of mutation {unknown}
 h - 3 potions of agility
 i - a potion of curing {unknown}
 o - a potion of haste {unknown}
Comestibles
 d - 4 rations
 f - a chunk of flesh


   Skills:
 + Level 1.8 Fighting
 + Level 2.1 Long Blades
 * Level 1.4 Armour
 * Level 2.4 Dodging
 * Level 1.1 Stealth
 + Level 1.7 Spellcasting
 + Level 3.5 Charms


You had 4 spell levels left.
You knew the following spells:

 Your Spells              Type           Power        Failure   Level  Hunger
a - Infusion              Chrm           #...         14%         1    ##.....

Your spell library contained the following spells:

 Spells                   Type           Power        Failure   Level  Hunger
 Song of Slaying          Chrm           #.......     22%         2    ###....
 Shroud of Golubria       Chrm/Tloc      #.........   43%         2    ###....
 Regeneration             Chrm/Necr      #.........   67%         3    ####...
 Spectral Weapon          Hex/Chrm       #.......     67%         3    ####...


Dungeon Overview and Level Annotations

Branches:
Dungeon (4/15)
 Temple: D:4-7

Altars:

Annotations:
D:3 exclusion: upstairs


Innate Abilities, Weirdness & Mutations

You are small and have problems with some larger weapons.
You are somewhat resistant to further mutation.


Message History

You hit the iguana but do no damage. The iguana barely misses you.
You riposte.
You hit the iguana.
The iguana is moderately wounded.
You block the worm's attack. The iguana bites you!
Ouch! That really hurt!
You hit the iguana.
The iguana is heavily wounded.
A gnoll comes into view. It is wielding a +0 spear.
The iguana bites you.
* * * LOW HITPOINT WARNING * * *
The worm misses you.
You riposte.
The gnoll shouts!
You hit the worm.
The worm is moderately wounded.
You hit the iguana but do no damage.
The iguana is heavily wounded.
The iguana bites you.
* * * LOW HITPOINT WARNING * * *
The worm bites you.
You die...

#..... ≈≈≈≈ #..... ≈≈≈≈ #.....
≈≈≈≈. #..... ≈≈≈≈.## ##.....
....... ###...... ≈≈≈g..%
#...##...
≈≈≈≈..g###############.#####.>
≈≈≈≈....g.ggl@w<......w......#
g≈≈≈...############....####...
.....## #######......####..##
..## #.................... .
#.####.#PP...........
#...P..#.###.......
#P.P...#.###.......
#..................
##.#....P.#.......##..


You could see a worm, an iguana and 4 gnolls.

Vanquished Creatures
  A dart slug (D:3)
  4 giant cockroaches
  4 hobgoblins
  2 kobolds (D:1)
  2 quokkas
  A frilled lizard (D:1)
  3 rats
17 creatures vanquished.

Notes
Turn   | Place    | Note
-------+----------+-------------------------------------------
     0 | D:1      | Acheron the Halfling Skald began the quest for the Orb.
     0 | D:1      | Reached XP level 1. HP: 14/14 MP: 3/3
   393 | D:1      | Reached XP level 2. HP: 19/19 MP: 4/4
   623 | D:2      | Noticed an ogre
   779 | D:2      | Reached skill level 1 in Stealth
   779 | D:2      | Reached XP level 3. HP: 21/24 MP: 5/5
   976 | D:2      | Slain by a worm

Skill      XL: |  1  2 |
---------------+-------+-----
Stealth        | 1 |  1.1
Fighting       | |  1.8
Long Blades    | |  2.1
Armour         | |  1.4
Dodging        | |  2.4
Spellcasting   | |  1.7
Charms         | |  3.5

Action                   || total
-------------------------++-------
Melee: Falchion          ||    51
 Cast: Infusion          ||     1
  Use: Scroll            ||     3
Armor: Leather armour    ||    12
Dodge: Dodged            ||    46
Block: Buckler           ||     1
       Rpst.: Falchion   ||    17
